 Dungeon Crawl Stone Soup version 0.28-a0-1033-g1a2f33fa85 (webtiles) character file.

Game seed: 2271103674848631443

75 siradein the Skirmisher (level 4, -4/31 (38) HPs)
             Began as a Palentonga Fighter on Dec 7, 2021.
             Slain by a wight (7 damage)
             ... on level 4 of the Dungeon.
             The game lasted 00:04:07 (3142 turns).

siradein the Skirmisher (Palentonga Fighter)        Turns: 3142, Time: 00:04:08

HP:   -4/31 (38)    AC:  9    Str: 22    XL:     4   Next: 11%
MP:   4/4           EV:  8    Int:  8    God:
Gold: 101           SH:  4    Dex:  9    Spells: 3/3 levels left

rFire   . . .      SeeInvis +   a - +1 flail
rCold   . . .      Faith    .   c - +0 buckler
rNeg    . . .      Spirit   .   l - +3 ring mail
rPois   .          Reflect  .   (no helmet)
rElec   .          Harm     .   (no cloak)
rCorr   .          Rampage  .   (no gloves)
Will    .....                   (no barding)
Stlth   ..........              (no amulet)
HPRegen 0.10/turn               (no ring)
MPRegen 0.09/turn               (no ring)

@: heavily drained
A: large, rugged brown scales 3, see invisible, deformed body, roll 1, armoured
tail
a: Rolling Charge


You were on level 4 of the Dungeon.
You visited 1 branch of the dungeon, and saw 4 of its levels.

You collected 101 gold pieces.

Inventory:

Hand Weapons
 a - a +1 flail (weapon)
Missiles
 h - 45 poisoned darts (quivered)
Armour
 c - a +0 buckler (worn)
 l - a +3 ring mail (worn)
Scrolls
 e - 2 scrolls of teleportation
 f - a scroll of amnesia
 g - a scroll of immolation
 j - a scroll of fear
 k - 2 scrolls of enchant weapon
 o - a scroll of holy word {unknown}
Potions
 b - a potion of lignification {unknown}
 d - a potion of might
 i - 4 potions of flight
 n - 2 potions of degeneration {unknown}


   Skills:
 + Level 3.6 Fighting
 + Level 2.7 Maces & Flails
 + Level 2.9 Armour
 + Level 2.9 Shields


You had 3 spell levels left.
You didn't know any spells.
Your spell library contained the following spells:

 Spells                   Type           Power      Damage    Failure   Level
 Animate Skeleton         Necr           0%         N/A       56%         1
 Pain                     Necr           0%         1d4       56%         1
 Vampiric Draining        Necr           0%         2d6       90%         3
 Summon Forest            Summ/Tloc      0%         N/A       100%        5
 Polar Vortex             Ice            0%         N/A       100%        9


Dungeon Overview and Level Annotations

Branches:
Dungeon (4/15)
 Temple: D:4-7

Altars:


Innate Abilities, Weirdness & Mutations

You are completely covered in rugged brown scales. (AC +3, +7% HP)
You have supernaturally acute eyesight. (SInv)
Armour fits poorly on your strangely shaped body.
You can roll at nearby foes to attack.
You have a long armoured tail.


Message History

No target in view!
Roll where?
Press: ? - help, Dir - move target, f - wight
Aim: a wight, wielding a +3 dagger and wearing a +0 robe You roll forward with a clatter of scales!
You sock the wight!
The wight is heavily damaged.
You block the wight's attack.
You closely miss the wight.
Your tail-slap misses the wight.
The wight is heavily damaged.
You block the wight's attack.
You hit the wight.
The wight is heavily damaged.
You block the wight's attack. The wight hits you with a +3 dagger!
You feel drained.
You completely miss the wight.
Your tail-slap misses the wight.
The wight is heavily damaged.
The wight barely misses you.
You hit the wight but do no damage.
Your tail-slap misses the wight.
The wight is heavily damaged.
The wight hits you with a +3 dagger!
You feel drained.
Unknown command.
You are too injured to fight recklessly!
You are too injured to fight recklessly!
Unknown command.
The wight hits you with a +3 dagger!
* * * LOW HITPOINT WARNING * * *
You feel drained.
* * * LOW HITPOINT WARNING * * *
You closely miss the wight.
The wight is heavily damaged.
The wight barely misses you. The wight hits you but does no damage.
Roll where?
Press: ? - help, Dir - move target, f/p - wight
Aim: a wight, wielding a +3 dagger and wearing a +0 robe (heavily damaged)
You roll forward with a clatter of scales!
You closely miss the wight.
Your tail-slap misses the wight.
The wight is heavily damaged.
You block the wight's attack. The wight hits you with a +3 dagger!
You die...

# #.# #.# #.#
#.# #.# #.#
#.# #†# #.#
#†# #.# #z#
#.# #.# #.#
#○# #.# #.#
#@# #z# #.#
#z# #z# #.#
#.# #.# #.#
#.#########<#
#.#
#.........<.#
#.#
#.###########
#.####.#
#......#
####..###.#


You could see a wight.

Vanquished Creatures
  2 adders
  An adder skeleton (D:4)
  2 worms
  4 ball pythons
  5 endoplasms
  3 giant cockroaches
  A hobgoblin (D:4)
  2 jackals (D:4)
  4 quokkas
  6 bats
  A frilled lizard (D:2)
  7 goblins
  5 kobolds
  A rat (D:2)
44 creatures vanquished.

Vanquished Creatures (others)
  2 plants (D:4)
2 creatures vanquished.

Grand Total: 46 creatures vanquished

Notes
Turn   | Place    | Note
-------+----------+-------------------------------------------
     0 | D:1      | siradein the Palentonga Fighter began the quest for the
                  | Orb.
     0 | D:1      | Reached XP level 1. HP: 19/19 MP: 1/1
   241 | D:1      | Got the Disquisition on the Glacial Voyage
  1074 | D:2      | Reached XP level 2. HP: 23/25 MP: 2/2
  1430 | D:2      | Reached XP level 3. HP: 31/31 MP: 3/3
  1931 | D:3      | Found a faded altar of an unknown god.
  2632 | D:4      | Reached XP level 4. HP: 38/38 MP: 4/4
  3119 | D:4      | HP: 1/31 [wight (4)]
  3142 | D:4      | Slain by a wight

Illustrated notes

Levels and vault maps discovered:
D:1:      beargit_arrival_diablo_church, layout_basic,
          chequers_serial_rivers_micro_b
D:2:      layout_basic, grunt_decor_one_mirror, minmay_tromino_i4
D:3:      layout_loops_ring, hellmonk_ecumenical_altar_blasted
D:4:      layout_loops_ring, minmay_temple_entry_fiery, serial_shops, shop,
          serial_bayou_lagoon_a, minmay_quantized, uniq_sigmund

Action                   |  1- 3 |  4- 6 || total
-------------------------+-------+-------++-------
Melee: Flail             |   116 |    23 ||   139
       Tailslap          |     9 |     3 ||    12
 Abil: Rolling Charge    |     2 |     3 ||     5
  Use: Scroll            |     5 |     1 ||     6
Armor: Scale mail        |    23 |       ||    23
       Ring mail         |    49 |    11 ||    60
Dodge: Dodged            |    44 |     6 ||    50
Block: Buckler           |    25 |     6 ||    31

Table legend: (Time is in decaauts)
 A = Elapsed time spent in this place.
 B = Non-inter-level travel time spent in this place.
 C = Inter-level travel time spent in this place.
 D = Time resting spent in this place.
 E = Time spent auto-exploring this place.
 F = Levels seen in this place.
 G = Mean time per level.
                   A        B        C        D        E       F      G
               +--------+--------+--------+--------+--------+-----+--------+
         Total |   3181 |   3093 |     88 |     99 |   2495 |   4 |  795.2 |
       Dungeon |   3181 |   3093 |     88 |     99 |   2495 |   4 |  795.2 |
               +--------+--------+--------+--------+--------+-----+--------+

Top non-repeatable levels by time:
     D:2: 1146 daAuts
     D:3: 823 daAuts
     D:1: 775 daAuts
     D:4: 436 daAuts
